AoeStats
← BSV | Gabriel

Arabia

505114250Analyzed
1v1 RM · 24d ago on Sep 7, 2026· 49m 5s· 2 players
Game mode
Random Map
Map size
Tiny (2 player)
Population
200
Speed
Normal
Resources
Standard
Victory
Conquest
Starting age
Dark Age
Ending age
Imperial Age
RankedLock teamsTeams togetherTeam positionsShared explorationLock speedFull tech treeHidden civsTurbo modeCheats
Victory
Defeat
🇨🇦 Ethiopians · Canada
1206
+18
🇻🇪 Huns · Venezuela
1250
-18
Duckcat
7:00 Loom
10:20 Feudal Age
10:21 Man-at-Arms
11:09 Double-Bit Axe
21:57 Fletching
23:37 Scale Mail Armor
28:35 Castle Age
27:57 Horse Collar
28:37 Crossbowman
29:15 Bodkin Arrow
30:48 Thumb Ring
36:15 Wheelbarrow
35:43 Squires
39:42 Imperial Age
38:23 Town Watch
39:45 Wheelbarrow
39:00 Town Watch
39:43 Ballistics
40:30 Bracer
39:58 Arbalester
41:59 Hand Cart
41:39 Arbalester
BSV | Gabriel
6:06 Loom
8:40 Feudal Age
9:39 Double-Bit Axe
15:39 Town Watch
21:48 Padded Archer Armor
22:24 Fletching
28:32 Castle Age
28:16 Horse Collar
29:13 Elite Skirmisher
29:49 Bodkin Arrow
31:28 Leather Archer Armor
47:22 Imperial Age
45:14 Marauders
46:22 Ballistics
47:48 Crossbowman
48:31 Bracer
Connection lost

Rejoining the realm…

Still unreachable

The connection could not be restored.

Session expired

The server has moved on; the page needs a fresh start.